AoeStats
← 17_Neo_

Black Forest

506019781Analyzed
4v4 RM · 20d ago on Sep 12, 2026· 89m 35s· 8 players
Game mode
Random Map
Map size
Large (8 player)
Population
200
Speed
Normal
Resources
Standard
Victory
Conquest
Starting age
Dark Age
Ending age
Imperial Age
RankedLock teamsTeams togetherTeam positionsShared explorationLock speedFull tech treeHidden civsTurbo modeCheats
Victory
Defeat
🇨🇴 Turks · Colombia
1401
+12
🇨🇴 Goths · Colombia
1324
+15
🇨🇴 Celts · Colombia
1308
+16
🇨🇴 Italians · Colombia
1160
+23
🇺🇸 Magyars · United States
1338
-18
🇯🇵 Ethiopians · Japan
1299
-16
🇺🇸 Bengalis · United States
1298
-16
🇯🇵 Saracens · Japan
1295
-16
sisimaru1234
0:46 Loom
12:00 Feudal Age
16:07 Castle Age
14:18 Double-Bit Axe
14:54 Fletching
15:50 Gold Mining
16:13 Crossbowman
19:10 Bodkin Arrow
20:40 Horse Collar
22:12 Wheelbarrow
22:41 Bow Saw
25:06 Padded Archer Armor
25:10 Heavy Plow
28:36 Thumb Ring
30:35 Stone Mining
32:57 Hand Cart
35:30 Elite Skirmisher
36:31 Leather Archer Armor
37:25 Town Watch
44:23 Imperial Age
42:42 Caravan
44:15 Town Patrol
44:23 Scale Mail Armor
44:27 Royal Heirs
45:01 Ballistics
45:30 Forging
46:21 Gold Shaft Mining
45:21 Arbalester
46:03 Bracer
47:05 Chemistry
47:21 Two-Man Saw
46:36 Guilds
46:35 Siege Engineers
47:26 Stone Shaft Mining
47:28 Ring Archer Armor
47:34 Onager
49:27 Masonry
49:35 Chain Mail Armor
50:10 Iron Casting
49:39 Squires
49:01 Halberdier
50:44 Torsion Engines
51:48 Siege Onager
53:49 Plate Mail Armor
54:42 Blast Furnace
55:14 Scale Barding Armor
55:43 Coinage
55:47 Architecture
56:45 Chain Barding Armor
58:06 Banking
58:30 Conscription
59:58 Sappers
63:23 Elite Shotel Warrior
66:42 Arson
RustBuckets
12:15 Feudal Age
10:33 Loom
12:48 Double-Bit Axe
19:55 Castle Age
17:57 Fishing Lines
18:12 Stone Mining
19:15 Fletching
20:03 Gold Mining
19:56 Horse Collar
20:56 Wheelbarrow
22:06 Bodkin Arrow
22:12 Padded Archer Armor
25:40 Husbandry
25:51 Bloodlines
27:40 Hand Cart
27:11 Town Watch
28:20 Leather Archer Armor
28:39 Ballistics
28:53 Scale Barding Armor
29:10 Paiks
30:24 Masonry
30:39 Chain Barding Armor
31:44 Gold Shaft Mining
34:06 Imperial Age
32:16 Forging
32:18 Treadmill Crane
33:34 Iron Casting
33:12 Gillnets
33:26 Town Patrol
33:29 Devotion
33:51 Murder Holes
34:53 Bracer
35:40 Ring Archer Armor
35:53 Caravan
36:10 Elite Elephant Archer
37:57 Chemistry
37:04 Siege Engineers
38:32 Conscription
38:51 Plate Barding Armor
37:38 Elite Battle Elephant
40:44 Blast Furnace
40:27 Mahayana
40:55 Faith
41:11 Architecture
40:25 Siege Elephant
51:05 Scale Mail Armor
51:08 Squires
50:54 Gambesons
50:29 Man-at-Arms
50:55 Arson
52:23 Chain Mail Armor
51:55 Long Swordsman
52:33 Two-Handed Swordsman
53:36 Champion
63:20 Bow Saw
63:15 Heavy Plow
Vic
0:49 Loom
11:36 Feudal Age
12:07 Double-Bit Axe
16:36 Castle Age
18:48 Bow Saw
18:29 Horse Collar
24:00 Gold Mining
24:04 Town Watch
27:08 Heavy Plow
28:06 Wheelbarrow
30:24 Scale Barding Armor
33:04 Imperial Age
32:01 Gold Shaft Mining
32:05 Bloodlines
32:16 Chain Barding Armor
32:42 Stone Mining
33:06 Cavalier
34:27 Plate Barding Armor
34:18 Conscription
34:57 Paladin
37:35 Coinage
37:04 Fletching
36:58 Light Cavalry
39:23 Banking
38:16 Hussar
40:15 Caravan
41:34 Husbandry
45:43 Two-Man Saw
45:24 Man-at-Arms
46:09 Scale Mail Armor
45:48 Capped Ram
46:46 Siege Engineers
46:37 Long Swordsman
47:17 Two-Handed Swordsman
47:59 Champion
50:05 Chain Mail Armor
50:21 Masonry
50:15 Corvinian Army
50:58 Bodkin Arrow
52:50 Heavy Scorpion
54:09 Ballistics
54:59 Chemistry
70:14 Elite Magyar Huszar
76:03 Hoardings
75:26 Bodkin Arrow
75:32 Treadmill Crane
76:50 Bracer
shutin1111
3:35 Loom
11:39 Feudal Age
12:55 Wheelbarrow
13:37 Horse Collar
17:12 Castle Age
16:54 Bloodlines
16:53 Scale Barding Armor
20:30 Forging
21:49 Chain Barding Armor
22:35 Husbandry
29:05 Light Cavalry
30:09 Double-Bit Axe
31:21 Hand Cart
33:57 Imperial Age
32:38 Gold Mining
32:40 Stone Mining
35:27 Hussar
38:46 Chemistry
37:48 Padded Archer Armor
38:34 Bow Saw
39:33 Leather Archer Armor
39:09 Fletching
40:39 Town Watch
41:27 Ring Archer Armor
40:42 Heavy Camel Rider
41:34 Bodkin Arrow
42:03 Heavy Plow
42:29 Caravan
42:14 Elite Skirmisher
44:07 Bracer
44:49 Plate Barding Armor
44:49 Conscription
46:57 Two-Man Saw
47:00 Iron Casting
49:22 Coinage
49:53 Onager
51:40 Counterweights
59:44 Ballistics
61:34 Siege Engineers
63:27 Siege Onager
64:33 Thumb Ring
70:05 Hoardings
69:44 Masonry
69:30 Murder Holes
69:57 Ballistics
69:18 Treadmill Crane
70:40 Blast Furnace
69:41 Scale Mail Armor
70:13 Banking
73:35 Siege Onager
Logan
11:58 Feudal Age
13:45 Wheelbarrow
13:00 Double-Bit Axe
16:21 Castle Age
19:11 Loom
20:30 Scale Mail Armor
20:41 Forging
20:54 Bow Saw
20:27 Horse Collar
22:20 Chain Mail Armor
29:04 Iron Casting
40:43 Imperial Age
41:42 Pikeman
43:06 Plate Mail Armor
42:46 Halberdier
48:58 Elite Woad Raider
60:24 Blast Furnace
66:31 Arson
68:21 Hand Cart
74:07 Arson
74:56 Conscription
77:27 Caravan
77:58 Coinage
RAGNAROK
13:40 Feudal Age
15:08 Wheelbarrow
18:39 Castle Age
16:25 Horse Collar
16:47 Double-Bit Axe
19:59 Fishing Lines
25:17 Scale Mail Armor
25:28 Forging
34:21 Imperial Age
32:55 Heavy Plow
33:06 Bow Saw
33:13 Chain Mail Armor
33:34 Iron Casting
33:19 Anarchy
33:30 Gold Mining
33:31 Stone Mining
34:25 Squires
35:48 Caravan
36:56 Two-Man Saw
36:28 Crop Rotation
37:00 Blast Furnace
36:03 Perfusion
36:24 Conscription
36:30 Elite Huskarl
36:35 Pikeman
38:05 Halberdier
42:59 Coinage
46:47 Hand Cart
46:20 Loom
48:01 Man-at-Arms
48:53 Long Swordsman
49:17 Two-Handed Swordsman
49:31 Champion
51:23 Banking
54:02 Town Watch
75:49 Town Patrol
89:34 Scale Barding Armor
89:29 Padded Archer Armor
89:20 Fletching
90:25 Stone Shaft Mining
17_Neo_
9:53 Loom
11:43 Feudal Age
13:32 Double-Bit Axe
13:27 Horse Collar
13:41 Gold Mining
13:50 Stone Mining
16:11 Castle Age
16:56 Wheelbarrow
32:56 Town Watch
37:07 Fortified Wall
40:01 Bow Saw
40:29 Heavy Plow
45:08 Imperial Age
43:09 Hand Cart
44:16 Scale Mail Armor
44:23 Padded Archer Armor
44:34 Forging
45:14 Elite Janissary
46:21 Conscription
46:03 Artillery
46:59 Leather Archer Armor
47:21 Iron Casting
46:52 Scale Barding Armor
47:41 Bloodlines
47:32 Husbandry
47:08 Heavy Camel Rider
49:31 Ring Archer Armor
50:01 Blast Furnace
51:50 Chain Barding Armor
84:28 Plate Barding Armor
Urahara
0:48 Loom
15:08 Feudal Age
19:08 Castle Age
19:04 Wheelbarrow
19:02 Double-Bit Axe
19:22 Gold Mining
19:14 Horse Collar
25:29 Imperial Age
23:24 Bow Saw
25:40 Hand Cart
27:17 Chemistry
27:54 Two-Man Saw
33:21 Thumb Ring
33:19 Padded Archer Armor
36:43 Fletching
51:03 Crossbowman
51:58 Elite Skirmisher
54:00 Leather Archer Armor
64:31 Scale Mail Armor
64:41 Forging
64:05 Pikeman
64:45 Squires
64:47 Bodkin Arrow
65:23 Ring Archer Armor
66:53 Bracer
66:56 Arson
67:25 Arbalester
72:12 Iron Casting
71:52 Chain Mail Armor
75:15 Blast Furnace
74:46 Plate Mail Armor
78:29 Ballistics
78:33 Bombard Tower
78:34 Heavy Plow
83:08 Onager
Connection lost

Rejoining the realm…

Still unreachable

The connection could not be restored.

Session expired

The server has moved on; the page needs a fresh start.